 Dungeon Crawl Stone Soup version 0.24-a0-397-g73b976d (webtiles) character file.

Game seed: 12404496043378980408

49 scarywalker64 the Magician (level 3, 0/26 HPs)
             Began as a Demigod Wizard on June 5, 2019.
             Slain by a goblin (5 damage)
             ... on level 4 of the Dungeon.
             The game lasted 00:05:22 (1336 turns).

scarywalker64 the Magician (Demigod Wizard)         Turns: 1336, Time: 00:05:23

Health: 0/26       AC:  4    Str: 12    XL:     3   Next: 32%
Magic:  1/10       EV: 12    Int: 22    God:
Gold:   48         SH:  0    Dex: 14    Spells: 1/9 levels left

rFire    . . .     SeeInvis .   c - +0 dagger
rCold    . . .     Gourm    .   (no shield)
rNeg     . . .     Faith    .   a - +0 robe
rPois    .         Spirit   .   j - +0 helmet
rElec    .         Reflect  .   (no cloak)
rCorr    .         Harm     .   k - +0 pair of gloves
MR       .....                  (no boots)
Stlth    ++........             (no amulet)
HPRegen  0.08/turn              (no ring)
MPRegen  0.12/turn              (no ring)

@: no status effects
A: high mp 1
a: no special abilities


You were on level 4 of the Dungeon.
You were hungry.

You visited 1 branch of the dungeon, and saw 3 of its levels.

You collected 48 gold pieces.

Inventory:

Hand Weapons
 c - a +0 dagger (weapon)
 e - a +0 hunting sling
Missiles
 h - 23 bolts
 l - 67 stones (quivered)
Armour
 a - a +0 robe (worn)
 j - a +0 helmet (worn)
 k - a +0 pair of gloves (worn)
Scrolls
 i - a scroll of teleportation
Potions
 f - 2 potions of curing {unknown}
 g - a potion of brilliance {unknown}
 m - a potion of cancellation {unknown}
Comestibles
 b - 4 chunks of flesh
 d - 3 rations


   Skills:
 + Level 0.2 Fighting
 + Level 1.9 Dodging
 + Level 1.9 Stealth
 + Level 3.6 Spellcasting
 + Level 1.1 Conjurations
 + Level 0.8 Summonings
 + Level 1.0 Translocations
 + Level 0.1 Poison Magic


You had one spell level left.
You knew the following spells:

 Your Spells              Type           Power        Failure   Level  Hunger
a - Magic Dart            Conj           #...         8%          1    None
b - Blink                 Tloc           N/A          12%         2    #......
c - Call Imp              Summ           #.......     12%         2    #......
d - Mephitic Cloud        Conj/Pois/Air  #.......     28%         3    ###....

Your spell library contained the following spells:

 Spells                   Type           Power        Failure   Level  Hunger
 Slow                     Hex            #.......     17%         2    #......
 Conjure Flame            Conj/Fire      #.......     28%         3    ###....


Dungeon Overview and Level Annotations

Branches:
Dungeon (2/15)

Annotations:
D:4 Robin


Innate Abilities, Weirdness & Mutations

You have an increased reservoir of magic. (+10% MP)


Message History

The goblin is engulfed in noxious fumes.
The goblin appears confused.
The goblin is engulfed in noxious fumes.
The goblin appears confused.
The goblin hits the goblin with a +0 club.
The goblin is killed!
Your Translocations skill increases to level 1!
Robin says, "Bow before me, strongest of all the hobgoblins!"
Robin hits you but does no damage.
There is an open door here.
Robin hits you from afar with a +0 spear.
* * * LOW HITPOINT WARNING * * *
You feel a bit more experienced. Robin throws the goblin at you!
You closely miss the goblin.
The goblin unwields a +0 hunting sling.
The goblin barely misses you.
Robin flexes a bicep menacingly.
The goblin barely misses you.
You barely miss the goblin. The goblin hits you.
You die...

###########
#...'..g...
#(..'gg)...
#.รท)#.g.g..
#.))##########
#..)....@.g..#
#.......g..g.#
##+##.....##'##
#.....#.(.#
#.....#.)g#
#.....#gg.#
#.....##'##
#.....#...
#.....#...


You could see Robin, a hobgoblin and a goblin.

Vanquished Creatures
  An ooze (D:1)
  A dart slug (D:1)
  4 bats
  A giant cockroach (D:2)
  17 goblins
  6 hobgoblins (D:1)
  2 jackals (D:4)
  2 kobolds
  A frilled lizard (D:1)
  2 rats (D:1)
37 creatures vanquished.

Notes
Turn   | Place    | Note
-------+----------+-------------------------------------------
     0 | D:1      | scarywalker64 the Demigod Wizard began the quest for the
                  | Orb.
     0 | D:1      | Reached XP level 1. HP: 14/14 MP: 6/6
   117 | D:1      | Reached skill level 3 in Spellcasting
   273 | D:1      | Reached XP level 2. HP: 11/20 MP: 8/8
   460 | D:1      | Reached skill level 1 in Conjurations
  1193 | D:2      | You fall into a shaft and drop 2 floors!
  1202 | D:4      | Reached XP level 3. HP: 26/26 MP: 6/10
  1224 | D:4      | Learned a level 2 spell: Blink
  1227 | D:4      | Learned a level 2 spell: Call Imp
  1231 | D:4      | Learned a level 3 spell: Mephitic Cloud
  1294 | D:4      | Noticed Robin
  1330 | D:4      | Reached skill level 1 in Translocations
  1336 | D:4      | Slain by a goblin

Levels and vault maps discovered:
D:1:      beargit_arrival_greenhouse, layout_loops_ring
D:2:      layout_loops_ring, nicolae_dithmenos_through_a_glass_darkly,
          lemuel_doored_altar, grunt_qazlal_clouds
D:4:      kennysheep_goblin_castle, layout_cave_pods,
          nicolae_gozag_cash_rules_everything_around_me, tso_metal_star

Skill      XL: |  1  2  3 |
---------------+----------+-----
Spellcasting   | 3 |  3.6
Conjurations   | 1 |  1.1
Translocations | 1 |  1.0
Fighting       | |  0.2
Dodging        | |  1.9
Stealth        | |  1.9
Summonings     | |  0.8
Poison Magic   | |  0.1

Action                   || total
-------------------------++-------
Melee: Dagger            ||    39
       Unarmed           ||     3
 Cast: Magic Dart        ||    61
       Mephitic Cloud    ||     3
       Blink             ||     1
  Use: Scroll            ||     2
 Stab: Confused          ||     1
  Eat: Chunk             ||     1
Armor: Robe              ||    17
Dodge: Dodged            ||    53

Table legend:
 A = Non-vault XP
 B = Vault XP
 C = Vault XP percentage of total XP
 D = Non-vault monster count
 E = Vault monster count
 F = Vault count percentage of total count
                 A         B        C        D         E       F
            +---------+---------+-------+---------+---------+-------
      Total |      47 |      23 |  32.9 |      23 |      14 |  37.8
            +---------+---------+-------+---------+---------+-------
        D:1 |      41 |       0 |   0.0 |      20 |       0 |   0.0
        D:2 |       6 |       0 |   0.0 |       3 |       0 |   0.0
        D:4 |       0 |      23 | 100.0 |       0 |      14 | 100.0
            +---------+---------+-------+---------+---------+-------
